 Dungeon Crawl Stone Soup version 0.23-a0-338-g8ff0b24 (webtiles) character file.

5082 MisterFreud the Cleaver (level 10, -1/81 HPs)
             Began as a Deep Dwarf Fighter on Oct 18, 2018.
             Was a Priest of Makhleb.
             Slain by an orc warrior
             ... wielding a +0 mace
              (11 damage)
             ... on level 10 of the Dungeon.
             The game lasted 00:15:56 (7262 turns).

MisterFreud the Cleaver (Deep Dwarf Fighter)        Turns: 7262, Time: 00:15:57

Health: -1/81      AC:  7    Str: 23    XL:     10   Next: 31%
Magic:  12/12      EV:  7    Int:  9    God:    Makhleb [***...]
Gold:   520        SH:  9    Dex: 12    Spells: 9/9 levels left

rFire    . . .     SeeInvis .   a - +1 war axe
rCold    . . .     Gourm    .   c - +0 shield
rNeg     . . .     Faith    .   b - +1 scale mail
rPois    .         Spirit   .   (no helmet)
rElec    .         Reflect  .   (no cloak)
rCorr    .         Harm     .   (no gloves)
MR       +....                  (no boots)
Stlth    ..........             (no amulet)
HPRegen  0.00/turn              y - -2 ring of protection (curse)
MPRegen  0.13/turn              (no ring)

@: non-regenerating
A: damage resistance, heal wounds, sense surroundings 2, no regeneration
a: Heal Wounds, Minor Destruction, Lesser Servant of Makhleb, Renounce Religion


You were on level 10 of the Dungeon.
You worshipped Makhleb.
Makhleb was most pleased with you.
You were near starving.

You visited 2 branches of the dungeon, and saw 11 of its levels.

You collected 562 gold pieces.
You spent 42 gold pieces at shops.

Inventory:

Hand Weapons
 a - a +1 war axe (weapon)
Missiles
 e - 6 tomahawks of returning
 h - 75 arrows
 n - a throwing net (quivered)
 o - 196 stones
 q - 83 poisoned needles
 r - 29 sling bullets
 v - 41 bolts
 w - 2 curare-tipped needles
 F - 9 tomahawks
Armour
 b - a +1 scale mail (worn)
 c - a +0 shield (worn)
Jewellery
 y - a cursed -2 ring of protection (left hand)
Wands
 C - a wand of polymorph (5)
 E - a wand of enslavement (16)
 I - a wand of acid (7)
Scrolls
 l - 5 scrolls of teleportation
 s - 3 scrolls of magic mapping
 t - 3 scrolls of enchant armour
 u - 5 scrolls of remove curse
 B - a scroll of fear
 D - a scroll of identify
 G - a scroll of amnesia
 H - a scroll of enchant weapon
Potions
 d - 2 potions of might
 g - 4 potions of degeneration
 i - 2 potions of flight
 j - 4 potions of curing
 k - 2 potions of lignification
 m - a potion of mutation
 p - a potion of berserk rage
 x - 2 potions of heal wounds
 z - 2 potions of cancellation
 A - 2 potions of ambrosia
Comestibles
 f - 15 rations


   Skills:
 - Level 2.6 Fighting
 - Level 12.5 Axes
 - Level 8.0 Armour
 - Level 3.2 Shields
 - Level 6.0 Invocations
 + Level 7.6 Evocations


You had 9 spell levels left.
You didn't know any spells.
Your spell library contained the following spells:

 Spells                   Type           Power        Failure   Level  Hunger
 Animate Skeleton         Necr           N/A          99%         1    ##.....
 Apportation              Tloc           #.....       99%         1    ##.....
 Confusing Touch          Hex            #.....       99%         1    ##.....
 Infusion                 Chrm           #...         99%         1    ##.....
 Summon Small Mammal      Summ           #...         99%         1    ##.....
 Shroud of Golubria       Chrm/Tloc      #.........   99%         2    ###....
 Song of Slaying          Chrm           #.......     99%         2    ###....
 Confuse                  Hex            #.......     100%        3    ####...
 Gell's Gravitas          Tloc           #.........   100%        3    ####...
 Spectral Weapon          Hex/Chrm       #.......     100%        3    ####...
 Petrify                  Tmut/Erth      #.......     100%        4    #####..
 Metabolic Englaciation   Hex/Ice        #.........   100%        5    ######.
 Yara's Violent Unravell  Hex/Tmut       #.........   100%        5    ######.
 Regeneration             Chrm/Necr      Unusable     N/A         3    N/A

Dungeon Overview and Level Annotations

Branches:
Dungeon (10/15)            Temple (1/1) D:5
   Lair: D:8-11         Orc: D:9-12

Altars:
Ashenzari
Dithmenos
Fedhas
Gozag
Kikubaaqudgha
Makhleb
Nemelex Xobeh
Sif Muna
Trog
Wu Jian
Xom
Zin

Shops:
D:5 [   D:6 ?

Annotations:
D:9 1 runed door, iamserjio's ghost, novice DEEE


Innate Abilities, Weirdness & Mutations

You are resistant to damage.
You can heal yourself by infusing magical energy.
You passively map the area around you.
You do not regenerate.


Message History

The orc warrior is almost dead.
You hit the soldier ant. The soldier ant stings you.
The orc warrior hits you with a +0 mace!
* * * LOW HITPOINT WARNING * * *
You hit the orc warrior but do no damage.
The orc warrior is almost dead.
You hit the soldier ant but do no damage.
The soldier ant stings you.
You hit the orc warrior but do no damage.
The orc warrior is almost dead.
You hit the soldier ant.
You are near starving!
The orc warrior barely misses you. The soldier ant stings you.
* * * LOW HITPOINT WARNING * * *
You closely miss the orc warrior.
The orc warrior is almost dead.
You closely miss the soldier ant.
An orc comes into view. It is wielding a +0 trident.
The orc warrior hits you with a +0 mace!
You die...

* , * * , * .#
,, , , , *.. *
, , .#*, * ,
,, * **. #. ,
, ##
.##o##*... * +
#.#.#.#.#.a.#,
* *
#..##...a..#,,
,, ##.@#)g# ,
, #.ao#..#.#
,, * #.#)†)..#
* , * *
#...#o.## , *
#.####.# *, *
,* #..## ... *
,, , ###.#
#.##, * ######
##.##* ##* *
##....#
###..+###** ,
, *


You could see a soldier ant, an orc warrior and an orc (wandering).

Vanquished Creatures
  A harpy (D:7)
  A centaur zombie (D:10)
  A troll (D:9)
  Grinder (D:6)
  2 wyverns (D:9)
  A steam dragon (D:9)
  5 orc warriors
  2 sky beasts
  An ice beast (D:5)
  A black bear (D:8)
  4 phantoms
  2 centaurs
  6 ogres
  A big kobold (D:7)
  3 bullfrogs
  A scorpion (D:9)
  3 howler monkeys
  4 crimson imps
  A bullfrog zombie (D:8)
  A quasit (D:7)
  2 centaur skeletons
  2 hounds
  7 orc wizards
  5 orc priests
  6 worker ants
  2 iguanas
  A hound skeleton (D:4)
  11 gnolls
  7 adders
  A shadow imp (D:5)
  2 oozes
  4 adder skeletons
  2 worms
  3 dart slugs
  2 leopard geckos
  39 orcs
  A ball python (D:4)
  2 giant cockroaches
  7 goblins
  9 hobgoblins
  22 jackals
  17 kobolds
  4 quokkas
  A ball python skeleton (D:4)
  6 bats
  5 frilled lizards
  A leopard gecko skeleton (D:4)
  A leopard gecko zombie (D:7)
  6 rats
220 creatures vanquished.

Vanquished Creatures (others)
  A shadow imp (D:9)
1 creature vanquished.

Grand Total: 221 creatures vanquished

Notes
Turn   | Place    | Note
-------+----------+-------------------------------------------
     0 | D:1      | MisterFreud the Deep Dwarf Fighter began the quest for the
                  | Orb.
     0 | D:1      | Reached XP level 1. HP: 20/20 MP: 1/1
   184 | D:1      | Reached skill level 3 in Axes
   236 | D:1      | Reached XP level 2. HP: 27/27 MP: 2/2
   535 | D:2      | Reached XP level 3. HP: 31/33 MP: 3/3
   605 | D:2      | Reached skill level 4 in Axes
  1167 | D:3      | Reached XP level 4. HP: 22/40 MP: 4/4
  1168 | D:3      | Reached skill level 5 in Axes
  1428 | D:3      | Reached XP level 5. HP: 33/46 MP: 5/5
  1685 | D:3      | Reached skill level 6 in Axes
  2142 | D:4      | Reached skill level 7 in Axes
  2142 | D:4      | Reached XP level 6. HP: 20/55 MP: 6/6
  2194 | D:4      | You fall through a shaft!
  2194 | D:5      | Entered Level 5 of the Dungeon
  2891 | D:5      | Reached skill level 8 in Axes
  3105 | D:5      | Found a staircase to the Ecumenical Temple.
  3166 | Temple   | Entered the Ecumenical Temple
  3189 | Temple   | Became a worshipper of Makhleb the Destroyer
  3332 | D:5      | Noticed an ice beast
  3338 | D:5      | Killed an ice beast
  3338 | D:5      | Reached XP level 7. HP: 37/61 MP: 7/7
  3388 | D:5      | Found Peutsiff's Armour Shop.
  3616 | D:6      | Reached skill level 9 in Axes
  3796 | D:6      | Found a blossoming altar of Fedhas.
  3909 | D:6      | Found Saohi's Magic Scroll Shop.
  3912 | D:6      | Bought a scroll of fear for 42 gold pieces
  3997 | D:6      | Noticed Grinder
  4015 | D:6      | Killed Grinder
  4015 | D:6      | Reached skill level 10 in Axes
  4015 | D:6      | Reached XP level 8. HP: 68/68 MP: 8/8
  4376 | D:7      | Found a deep blue altar of Sif Muna.
  4377 | D:7      | Found an ancient bone altar of Kikubaaqudgha.
  4377 | D:7      | Found a shimmering altar of Xom.
  4378 | D:7      | Found an opulent altar of Gozag.
  4410 | D:7      | Found a sparkling altar of Nemelex Xobeh.
  4432 | D:7      | Reached skill level 11 in Axes
  4499 | D:7      | Reached * piety under Makhleb
  4624 | D:7      | Noticed a hornet
  4661 | D:7      | Noticed a harpy
  4661 | D:7      | a hornet changed into a harpy
  4661 | D:7      | HP: 3/68 [harpy (8)]
  4673 | D:7      | Killed a harpy
  4673 | D:7      | Reached skill level 12 in Axes
  5519 | D:8      | Reached skill level 1 in Invocations
  5519 | D:8      | Gained mutation: You passively map the area around you.
                  | [Deep Dwarf growth]
  5519 | D:8      | Reached XP level 9. HP: 34/74 MP: 8/10
  5754 | D:8      | Reached skill level 5 in Armour
  5988 | D:8      | Reached skill level 5 in Invocations
  6108 | D:8      | Reached ** piety under Makhleb
  6257 | D:9      | Found an ornate altar of the Wu Jian Council.
  6264 | D:9      | HP: 3/74 [ogre/+0 giant club (15)]
  6352 | D:9      | Noticed a troll
  6371 | D:9      | Killed a troll
  6474 | D:9      | Found a runed door.
  6474 | D:9      | Noticed iamserjio's ghost (novice DEEE)
  6505 | D:9      | Reached skill level 1 in Evocations
  6539 | D:9      | Reached XP level 10. HP: 38/81 MP: 12/12
  6607 | D:9      | Reached skill level 5 in Evocations
  6899 | D:9      | Reached *** piety under Makhleb
  7183 | D:10     | Entered Level 10 of the Dungeon
  7262 | D:10     | Slain by an orc warrior

Vault maps used:
D:1:      dpeg_arrival_tiny_a, serial_glass, glass_columns_c, glass_columns_a,
          glass_columns_a, glass_columns_a, glass_columns_b, glass_columns_c
D:4:      first_ration
D:5:      minmay_temple_entry_statues, serial_shops, shop_fountains
D:6:      overflow_temple_1_default, serial_shops, nicolae_shop_behind_doors,
          minivault_22, uniq_grinder
D:7:      chequers_temple_overflow_statue_of_worship,
          nemelex_xobeh_ov_fountains_minmay
D:9:      overflow_temple_1_default, ebering_ghost_reflecting_pool,
          nicolae_water_bricks
D:10:     erik_orc_3, grunt_tengu_nest, tso_altar
Temple:   regret_index_temple_sphere_string

Skill      XL: |  1  2  3  4  5  6  7  8  9 10 |
---------------+-------------------------------+-----
Axes           | 3 4 5 7 8 10 12 | 12.5
Invocations    | 1 6 |  6.0
Armour         | 8 |  8.0
Evocations     | 3 7 |  7.6
Fighting       | |  2.6
Shields        | |  3.2

Action                   |  1- 3 |  4- 6 |  7- 9 | 10-12 || total
-------------------------+-------+-------+-------+-------++-------
Melee: War axe           |    93 |   173 |   427 |   111 ||   804
 Abil: Heal Wounds       |       |     3 |    26 |     4 ||    33
Evoke: Wand              |       |       |     2 |     1 ||     3
  Use: Scroll            |     6 |     8 |     5 |       ||    19
       Potion            |       |       |     1 |       ||     1
  Eat: Chunk             |       |     8 |    11 |     1 ||    20
Armor: Scale mail        |    45 |    77 |    78 |    32 ||   232
       Skin              |       |       |    22 |       ||    22
Dodge: Dodged            |    29 |    44 |    89 |    28 ||   190
Block: Shield            |    45 |    80 |   195 |    50 ||   370

Table legend:
 A = Non-vault XP
 B = Vault XP
 C = Vault XP percentage of total XP
 D = Non-vault monster count
 E = Vault monster count
 F = Vault count percentage of total count
                 A         B        C        D         E       F
            +---------+---------+-------+---------+---------+-------
      Total |    6867 |     393 |   5.4 |     209 |      12 |   5.4
            +---------+---------+-------+---------+---------+-------
        D:1 |      21 |       0 |   0.0 |      13 |       0 |   0.0
        D:2 |      51 |       0 |   0.0 |      28 |       0 |   0.0
        D:3 |     169 |       0 |   0.0 |      34 |       0 |   0.0
        D:4 |     290 |       0 |   0.0 |      17 |       0 |   0.0
        D:5 |     320 |       0 |   0.0 |      15 |       0 |   0.0
        D:6 |     508 |     286 |  36.0 |      14 |       1 |   6.7
        D:7 |    1132 |       0 |   0.0 |      21 |       0 |   0.0
        D:8 |    1586 |       0 |   0.0 |      26 |       0 |   0.0
        D:9 |    2259 |       0 |   0.0 |      39 |       0 |   0.0
       D:10 |     531 |     107 |  16.8 |       2 |      11 |  84.6
            +---------+---------+-------+---------+---------+-------
